Map: Ever Dream LE

Players

DisK

  • Race: Protoss Protoss
  • League: Grandmaster
  • Spawn Location: 1:00

Vindicta - Winner!

  • Race: Terran Terran
  • League: Master
  • Spawn Location: 7:00

Event: DreamHack SC2 Masters 2020 Fall

VOD

Have the link to the VOD?

Description

Time

  • Played on: Sept. 5, 2020, 3:44 p.m.
  • Length: 14:19

All games in this series

Show
View Real Time Build Order
Export as new Build Order

DisK Protoss 

Build Orders: 1 Gate Expand, Blink Stalkers 

Get SALT Encoding   

  12  0:00  Probe  
  13  0:12  Probe  
  14  0:17  Pylon  
  14  0:24  Probe  
  15  0:35  Gateway  
  15  0:38  Probe (Chrono Boost)  
  16  0:46  Probe (Chrono Boost)  
  16  0:47  Assimilator  
  17  0:52  Probe  
  19  1:04  Probe  
  19  1:16  Probe  
  20  1:22  Cybernetics Core  
  22  1:39  Nexus  
  20  1:43  Pylon  
  20  1:45  Probe  
  21  1:52  Assimilator  
  21  1:55  Adept (Chrono Boost)  
  21  1:59  Warp Gate  
  23  2:02  Probe  
  24  2:14  Probe  
  25  2:15  Stalker (Chrono Boost)  
  27  2:26  Probe  
  27  2:38  Probe  
  27  2:40  Twilight Council  
  28  2:46  Stalker  
  31  2:54  Probe (Chrono Boost)  
  31  2:56  Probe (Chrono Boost)  
  34  3:05  Robotics Facility  
  34  3:06  Probe (Chrono Boost)  
  34  3:07  Probe (Chrono Boost)  
  34  3:11  Probe  
  34  3:15  Probe  
  34  3:19  Gateway  
  36  3:24  Probe  
  37  3:27  Probe, Blink (Chrono Boost)  
  38  3:36  Probe  
  38  3:40  Probe  
  40  3:45  Gateway  
  40  3:48  Gateway  
  38  3:52  Probe  
  40  3:55  Observer  
  40  3:56  Probe  
  40  3:59  Pylon  
  41  4:03  Stalker  
  41  4:04  Probe  
  41  4:08  Probe  
  45  4:12  Pylon  
  45  4:16  Probe  
  46  4:17  Warp Prism (Chrono Boost)  
  46  4:22  Probe  
  49  4:27  Stalker  
  51  4:31  Stalker  
  53  4:41  Stalker  
  53  4:43  Probe, Stalker  
  58  4:52  Pylon  
  58  4:55  Assimilator  
  58  4:59  Probe x2  
  60  5:01  Stalker  
  62  5:10  Nexus  
  62  5:11  Observer  
  62  5:20  Probe x2  
  64  5:23  Stalker x3  
  64  5:28  Observer  
  70  5:37  Pylon  
  70  5:40  Gateway  
  70  5:55  Probe x2  
  70  5:56  Observer  
  73  5:57  Stalker x2  
  73  6:02  Forge  
  73  6:04  Charge, Gateway  
  77  6:08  Probe  
  77  6:10  Dark Shrine  
  78  6:11  Pylon  
  78  6:15  Assimilator  
  78  6:22  Probe x2  
  78  6:25  Probe  
  81  6:32  Gateway  
  81  6:33  Gateway  
  81  6:37  Probe x3 (Chrono Boost), Protoss Ground Weapons Level 1 (Chrono Boost)  
  87  6:47  Probe (Chrono Boost)  
  87  6:50  Probe x2 (Chrono Boost)  
  87  6:51  Pylon  
  87  6:52  Probe (Chrono Boost), Sentry x2  
  87  6:53  Zealot  
  94  6:55  Zealot  
  94  6:57  Zealot  
  94  6:58  Probe x2  
  100  7:01  Pylon  
  100  7:03  Probe  
  99  7:16  Zealot  
  99  7:17  Zealot x4  
  99  7:18  Shield Battery  
  99  7:21  Shield Battery  
  109  7:25  Dark Templar  
  106  7:35  Dark Templar  
  106  7:36  Zealot  
  110  7:42  Zealot x3  
  86  7:51  Zealot  
  86  7:52  Zealot  
  86  7:55  Probe (Chrono Boost)  
  86  7:56  Probe (Chrono Boost)  
  86  8:03  Zealot x5  
  86  8:05  Probe (Chrono Boost)  
  93  8:08  Probe x2 (Chrono Boost)  
  93  8:12  Stalker x2  
  95  8:13  Stalker  
  95  8:15  Probe (Chrono Boost)  
  95  8:16  Probe x2 (Chrono Boost)  
  100  8:28  Probe x3  
  102  8:36  Dark Templar x3  
  102  8:37  Zealot  
  102  8:38  Dark Templar  
  106  8:48  Observer  
  102  8:49  Protoss Ground Armor Level 1 (Chrono Boost)  
  102  8:50  Probe x3  
  102  8:53  Pylon x2  
  102  8:55  Archon, Assimilator x2  
  103  9:05  Zealot x4  
  109  9:25  Zealot x8  
  123  9:33  Probe x3  
  126  9:45  Probe x2, Templar Archives, Gateway  
  118  9:48  Gateway  
  118  9:49  Stalker x2  
  118  9:51  Observer  
  105  10:00  Stalker x2  
  103  10:07  Dark Templar  
  103  10:11  Nexus  
  105  10:14  Pylon  
  105  10:16  Probe  
  105  10:17  Probe  
  105  10:20  Sentry x2  
  111  10:23  High Templar x2  
  115  10:31  Archon  
  115  10:34  Probe x3  
  117  10:35  Zealot x3  
  117  10:41  Shield Battery, Zealot x2  
  126  10:50  Zealot x3  
  126  10:53  Psionic Storm  
  132  10:58  Protoss Ground Weapons Level 2 (Chrono Boost)  
  132  11:00  Zealot  
  132  11:08  Observer  
  132  11:12  Dark Templar  
  132  11:15  High Templar x3  
  140  11:20  Pylon  
  140  11:22  Pylon  
  140  11:24  Probe  
  141  11:32  Probe x2  
  133  11:42  Zealot x6  
  143  11:51  Pylon  
  143  11:57  Assimilator, Forge  
  143  11:58  Robotics Bay  
  143  11:59  Assimilator  
  141  12:02  High Templar x2  
  141  12:03  High Templar  
  141  12:08  Shield Battery, Photon Cannon  
  147  12:13  Photon Cannon  
  147  12:15  Warp Prism (Chrono Boost), Zealot x7  
  161  12:18  Pylon  
  139  12:32  Archon  
  139  12:36  Zealot  
  111  12:37  Zealot x4  
  113  12:46  Zealot x5  
  113  12:57  Stalker x3  
  113  12:58  Stalker x2  
  69  13:05  Stalker x3  
  69  13:06  Stalker x3  
  69  13:08  Zealot x3  
  79  13:20  Observer  
  79  13:24  Probe x2  
  82  13:31  High Templar x8  
  98  13:36  Archon x2  
  98  13:37  Archon  
  98  13:38  Archon, Zealot x2  
  98  13:59  Zealot x2  
  98  14:01  Zealot  
  102  14:03  Zealot x2  
  102  14:04  Zealot x3  
Show
View Real Time Build Order
Export as new Build Order

Vindicta Terran - Winner!

Build Orders: Reaper Expand 

Get SALT Encoding   

  12  0:00  SCV  
  13  0:12  SCV  
  14  0:16  Supply Depot  
  14  0:24  SCV  
  15  0:38  SCV  
  15  0:40  Barracks  
  16  0:43  Refinery  
  16  0:50  SCV  
  17  1:02  SCV  
  18  1:15  SCV  
  19  1:28  Reaper, Orbital Command  
  20  1:43  Command Center  
  20  1:52  Supply Depot  
  20  1:54  SCV  
  20  2:00  Marine  
  22  2:06  SCV  
  23  2:12  Factory  
  23  2:21  Barracks Reactor  
  23  2:23  SCV  
  24  2:31  Bunker  
  24  2:35  SCV  
  25  2:38  Refinery  
  25  2:47  SCV  
  26  2:56  Orbital Command  
  26  3:00  Hellion  
  26  3:02  SCV, Marine x2  
  31  3:08  Starport  
  31  3:16  SCV  
  31  3:19  Marine x2  
  32  3:21  SCV  
  32  3:24  Supply Depot  
  37  3:27  Widow Mine  
  37  3:29  SCV  
  37  3:33  SCV  
  39  3:37  Marine x2  
  39  3:41  SCV  
  42  3:46  SCV  
  42  3:47  Medivac  
  44  3:49  Widow Mine  
  44  3:51  Supply Depot  
  44  3:53  SCV  
  47  3:58  SCV  
  47  3:59  Marine  
  47  4:00  Marine  
  50  4:05  SCV  
  50  4:06  Barracks  
  51  4:10  SCV  
  51  4:12  Factory Tech Lab  
  51  4:14  Supply Depot  
  52  4:17  SCV, Marine x2  
  52  4:21  Starport Tech Lab  
  52  4:22  SCV  
  56  4:27  Engineering Bay  
  56  4:29  SCV  
  57  4:32  Refinery  
  57  4:34  SCV  
  57  4:40  Raven, Siege Tank  
  57  4:41  SCV  
  61  4:46  SCV, Marine, Barracks  
  62  4:53  SCV, Supply Depot, Refinery  
  62  4:58  SCV  
  64  5:01  Marine  
  64  5:03  Terran Infantry Weapons Level 1  
  64  5:04  Marine  
  64  5:05  SCV  
  67  5:10  SCV  
  68  5:16  Supply Depot  
  68  5:17  SCV  
  68  5:18  Factory Reactor  
  68  5:19  Stimpack, Marine  
  70  5:22  SCV, Marine  
  70  5:23  Marine  
  73  5:28  Supply Depot  
  73  5:33  SCV  
  73  5:35  Starport Reactor  
  74  5:37  Marine  
  74  5:42  Marauder  
  76  5:43  Marine  
  76  5:44  SCV  
  76  5:45  SCV  
  79  5:50  Barracks Reactor  
  79  5:51  Supply Depot  
  79  5:52  Barracks Tech Lab  
  79  5:54  Marine  
  82  5:57  Widow Mine x2  
  82  5:59  Supply Depot  
  82  6:01  Marine  
  82  6:03  Marine  
  86  6:10  Combat Shield  
  84  6:12  Marauder  
  84  6:18  Medivac x2  
  90  6:20  Widow Mine  
  90  6:21  Marauder  
  90  6:23  Marine  
  90  6:25  Marine  
  96  6:27  Command Center  
  96  6:33  Supply Depot  
  96  6:34  Marauder  
  96  6:35  Widow Mine  
  100  6:43  Marauder  
  100  6:45  Marine  
  103  6:47  Barracks  
  103  6:48  Medivac x2, Barracks  
  107  6:56  Marine  
  107  6:57  Marauder, Terran Infantry Armor Level 1  
  107  6:58  Widow Mine x2  
  113  7:05  SCV  
  113  7:07  Marauder, Marine  
  113  7:08  Supply Depot  
  113  7:10  Concussive Shells  
  113  7:14  Marine  
  112  7:18  Marine  
  112  7:22  Widow Mine  
  115  7:23  Liberator  
  115  7:29  Marauder, Marine  
  121  7:32  Marine  
  121  7:34  Widow Mine  
  123  7:37  Missile Turret  
  123  7:44  Widow Mine, Marine  
  115  7:47  Missile Turret  
  115  7:48  Orbital Command  
  115  7:50  Missile Turret  
  115  7:51  Marine  
  101  7:54  SCV  
  101  7:57  Marine  
  94  8:04  Widow Mine  
  94  8:05  SCV  
  94  8:06  SCV  
  94  8:11  Marine  
  89  8:19  SCV x2  
  91  8:21  SCV  
  91  8:24  Barracks Reactor  
  88  8:29  Widow Mine  
  88  8:31  Orbital Command  
  88  8:32  SCV  
  88  8:34  Marauder, Marine  
  91  8:37  Marine  
  91  8:38  Barracks Tech Lab  
  91  8:40  SCV  
  93  8:48  SCV  
  94  8:52  Marine  
  94  8:54  SCV  
  94  8:55  Marine  
  97  9:00  SCV, Liberator  
  97  9:01  Liberator  
  104  9:04  Marine  
  104  9:06  SCV  
  104  9:08  Marine  
  107  9:10  Marine  
  107  9:11  Widow Mine  
  107  9:12  SCV  
  107  9:13  SCV  
  107  9:17  Marine, Ghost Academy  
  109  9:18  SCV  
  109  9:23  Refinery, Widow Mine  
  113  9:24  Orbital Command  
  113  9:27  Marauder, Marine  
  113  9:28  Marine  
  113  9:31  Marine  
  116  9:33  Marine  
  116  9:34  Marine  
  113  9:45  Orbital Command  
  109  9:47  Enhanced Shockwaves  
  109  9:51  SCV x2  
  111  9:55  Widow Mine  
  113  10:00  Barracks Reactor, Barracks Tech Lab x2  
  113  10:03  SCV  
  113  10:06  SCV  
  109  10:09  Missile Turret  
  109  10:11  Ghost, Missile Turret  
  111  10:17  SCV  
  111  10:19  Missile Turret  
  111  10:20  Marine  
  113  10:22  Marine  
  113  10:24  SCV  
  117  10:29  SCV  
  117  10:32  Sensor Tower  
  116  10:40  Ghost, Widow Mine x2  
  116  10:41  Marine  
  116  10:42  Marine  
  120  10:44  Ghost x2  
  120  10:47  Refinery  
  120  10:48  Refinery  
  122  10:55  SCV x2  
  120  10:57  SCV  
  120  11:02  Widow Mine  
  121  11:07  SCV  
  121  11:08  Ghost  
  121  11:09  SCV x2  
  125  11:12  Ghost x2  
  127  11:19  SCV, Marine x2  
  127  11:20  Medivac  
  127  11:21  SCV x2  
  127  11:22  Marine x2  
  136  11:28  Supply Depot  
  136  11:34  Supply Depot  
  136  11:36  Supply Depot, Marine  
  136  11:37  Ghost, Marine  
  136  11:38  Supply Depot  
  130  11:41  Ghost  
  130  11:44  Marine  
  130  11:45  Marine  
  130  11:49  Widow Mine  
  130  11:52  Supply Depot x2  
  130  11:53  Medivac  
  134  11:54  Medivac, Marine  
  134  11:57  SCV, Ghost  
  134  12:00  Widow Mine, Marine  
  140  12:02  Marine  
  140  12:03  Marine  
  140  12:06  Marauder  
  143  12:10  Marauder  
  143  12:12  Marine  
  146  12:15  Supply Depot  
  146  12:16  Widow Mine  
  146  12:18  Marine  
  146  12:19  Marine  
  146  12:21  Marine  
  151  12:26  Widow Mine  
  151  12:27  Marauder  
  151  12:28  Marauder  
  151  12:29  SCV  
  150  12:30  Marine  
  150  12:32  Marauder  
  150  12:34  Medivac  
  150  12:36  Marine  
  156  12:37  Medivac, Widow Mine  
  144  12:44  Command Center  
  144  12:48  Marine  
  144  12:52  Ghost, Marine  
  144  12:53  Marauder, Marine  
  144  12:57  Ghost  
  139  13:01  Marine  
  139  13:04  Medivac  
  135  13:06  Marine  
  135  13:10  Marine x2  
  137  13:14  Marauder  
  137  13:16  Widow Mine  
  137  13:19  SCV, Marine  
  143  13:20  Marine  
  143  13:21  Widow Mine  
  143  13:24  Marine  
  143  13:26  Marauder  
  149  13:28  Marine  
  149  13:30  Marine  
  149  13:35  Medivac  
  149  13:36  Marauder  
  149  13:37  Marine  
  149  13:39  Marauder  
  156  13:45  Widow Mine  
  159  13:50  Marine  
  159  13:52  SCV  
  159  13:53  SCV  
  163  13:55  SCV  
  161  14:03  Armory  
  161  14:04  SCV  
  161  14:05  SCV, Engineering Bay  

Tags
 
Add a new tag
Caveats
  • Supply blocks, unpowered buildings, or Contaminate may cause inaccurate times.
  • Supply counts are checked every 10 seconds.